 Dungeon Crawl Stone Soup version 0.21.1-1-g345015f (webtiles) character file.

7958 sking99 the Basher (level 11, -2/85 HPs)
             Began as a Gargoyle Fighter on June 19, 2018.
             Was a Priest of Hepliaklqana.
             Killed from afar by Zubo's ghost (21 damage)
             ... with a lance of force
             ... on level 10 of the Dungeon on June 20, 2018.
             The game lasted 01:29:57 (9764 turns).

sking99 the Basher (Gargoyle Fighter)               Turns: 9764, Time: 01:29:58

Health: -2/85      AC: 25    Str: 27    XL:     11   Next: 23%
Magic:  0/14       EV:  2    Int:  9    God:    Hepliaklqana [***...]
Gold:   413        SH:  0    Dex: 10    Spells: 10/10 levels left

rFire    + . .     SeeInvis .   a - +3 dire flail (venom)
rCold    x . .     Gourm    .   (shield currently unavailable)
rNeg     + + +     Faith    .   (armour currently unavailable)
rPois    ∞         Spirit   +   (helmet currently unavailable)
rElec    .         Reflect  .   (cloak currently unavailable)
rCorr    .         Harm     .   (gloves currently unavailable)
MR       .....     NoTele   +   (boots currently unavailable)
Stlth    +.........             n - amulet of guardian spirit
HPRegen  0.24/turn              B - ring of positive energy
MPRegen  0.14/turn              C - ring of fire

@: mighty, tree-form, very slightly contaminated
A: reduced essence, negative energy resistance 1, petrification resistance, rot
immunity, AC +8
a: Recall Ancestor, Ancestor Identity, Transference, Renounce Religion


You were on level 10 of the Dungeon.
You worshipped Hepliaklqana.
Hepliaklqana was most pleased with you.
You were not hungry.
You were a tree.
You visited 2 branches of the dungeon, and saw 11 of its levels.

You collected 413 gold pieces.

Inventory:

Hand Weapons
 a - a +3 dire flail of venom (weapon)
 b - the +7 longbow "Piercer" {penet, EV-2}
   (You acquired it on level 10 of the Dungeon)

   Ammo fired by it will pass through the targets it hits, potentially hitting
   all targets in its path until it reaches maximum range.
   It affects your evasion (-2).
 N - the cursed +1 hand axe of Zitrihu {freeze, Str+9}
   (You found it on level 7 of the Dungeon)

   It has been specially enchanted to freeze those struck by it, causing extra
   injury to most foes and up to half again as much damage against particularly
   susceptible opponents.
   It can also slow down cold-blooded creatures.
   It affects your strength (+9).
   It has a curse placed upon it.
 Y - a +1 flail
Missiles
 R - 37 arrows (quivered)
Armour
 c - a +0 shield
 j - a +0 pair of gloves (melded)
 p - a +2 cloak of magic resistance (melded)
 v - a +0 ring mail
 F - a +0 chain mail
 P - a +0 scale mail
 X - a +0 plate armour (melded)
Jewellery
 n - an amulet of guardian spirit (around neck)
 z - an uncursed amulet of the gourmand
 B - a ring of positive energy (left branch)
 C - a ring of fire (right branch)
 D - an uncursed ring of teleportation
 O - an uncursed amulet of inaccuracy
 Z - a +2 ring of protection {unknown}
Wands
 u - a wand of polymorph (28)
 A - a wand of random effects (48)
 I - a wand of acid (21)
 J - a wand of flame (11)
 L - a wand of iceblast (23)
Scrolls
 e - 3 scrolls of identify
 h - 5 scrolls of remove curse
 l - 2 scrolls of noise
 s - a scroll of fear
 x - 2 scrolls of amnesia
 E - a scroll of enchant armour
 K - 4 scrolls of teleportation
 M - a scroll of summoning
Potions
 i - a potion of cancellation
 k - 5 potions of agility
 o - 4 potions of mutation
 r - 2 potions of lignification
 t - a potion of brilliance
 w - 3 potions of resistance
 G - a potion of flight
 Q - a potion of magic {unknown}
 V - 3 potions of ambrosia {unknown}
 W - a potion of haste {unknown}
Books
 y - a book of Flames

   Spells                             Type                      Level
   a - Flame Tongue                   Conjuration/Fire             1
   b - Throw Flame                    Conjuration/Fire             2
   c - Conjure Flame                  Conjuration/Fire             3
   d - Inner Flame                    Hexes/Fire                   3
   e - Sticky Flame                   Conjuration/Fire             4
   f - Fireball                       Conjuration/Fire             5
 S - a book of Debilitation

   Spells                             Type                      Level
   a - Corona                         Hexes                        1
   b - Slow                           Hexes                        2
   c - Inner Flame                    Hexes/Fire                   3
   d - Portal Projectile              Hexes/Translocation          3
   e - Cause Fear                     Hexes                        4
   f - Leda's Liquefaction            Hexes/Earth                  4
Comestibles
 f - 21 rations


   Skills:
 + Level 6.2 Fighting
 - Level 14.0 Maces & Flails
 + Level 2.0 Bows
 + Level 6.2 Armour
 - Level 4.4 Shields
 - Level 5.0 Invocations


You had 10 spell levels left.
You didn't know any spells.

Dungeon Overview and Level Annotations

Branches:
Dungeon (10/15)            Temple (1/1) D:5
   Lair: D:8-11         Orc: D:9-12

Altars:
Ashenzari
Cheibriados
Dithmenos
Elyvilon
Fedhas
Gozag
Hepliaklqana
Kikubaaqudgha
Makhleb
Nemelex Xobeh
Okawaru
Qazlal
Ru
Sif Muna
Trog
Uskayaw
Vehumet
Wu Jian
Xom
Zin
The Shining One

Annotations:
D:2 exclusion: downstairs
D:3 Sigmund
D:10 Zubo's ghost, journeyman DECj


Innate Abilities, Weirdness & Mutations

You are resistant to torment.
((Your stone body is resilient. (AC +8)))
You are immune to poison.
You resist negative energy. (rN+)
((You are resistant to electric shocks. (rElec)))
((You can survive without breathing.))
You are immune to petrification.
You are immune to rotting.
Your life essence is reduced to manifest your ancestor. (-10% HP)


Message History

You feel better. Zubo's ghost casts a spell at you. The iron shot hits you!
* * * LOW HITPOINT WARNING * * *
You feel better. Zubo's ghost hits you.
* * * LOW HITPOINT WARNING * * *
You feel better.
Zubo's ghost hits you but does no damage.
You turn into a tree.
Your +2 cloak of magic resistance melds into your body.
Your +0 pair of gloves melds into your body.
Your +0 plate armour melds into your body.
You feel less resistant to hostile enchantments.
Your roots penetrate the ground.
Zubo's ghost hits you but does no damage.
You feel mightier all of a sudden.
Zubo's ghost makes a sound of rattling chains.
Zubo's ghost gestures at you while chanting.
The lance of force hits you!
You die...

#...........#.........'.##..
#.........###.(...>...####..
#####.##### ##'######## ##'
#..# #.### #. #.## #...# #.
#.# ###'### #. ###'#####
#....########.
#.......######....'.....##.
#.......##♣..'..).#####....
#.......'W.###....# ###..
#.......#### #....# #..
#.......# #....# #.#
#.......# #....# #.#
#.......# ###'## #.#
#.......# #.# #.# ###%#####
#.## #.# #....# #..# #.#


You could see Zubo's ghost.

Vanquished Creatures
  Psyche (D:8)
  The ghost of Drak the Bolt Thrower, a novice KoAM of Nemelex Xobeh (D:6)
  A troll (D:10)
  A hippogriff (D:10)
  7 yaks
  Menkaure (D:5)
  A water moccasin (D:5)
  An orc warrior (D:7)
  2 sky beasts
  5 ice beasts
  2 phantoms
  An ogre (D:9)
  5 centaurs
  A big kobold (D:10)
  A wyvern zombie (D:7)
  4 bullfrogs
  A scorpion (D:9)
  5 killer bees (D:8)
  A centaur zombie (D:5)
  6 howler monkeys
  A bullfrog zombie (D:4)
  2 jellies (D:7)
  5 hounds
  An orc priest (D:9)
  2 orc wizards
  Crazy Yiuf (D:2)
  An iguana (D:4)
  7 worker ants
  A hound zombie (D:7)
  Robin (D:2)
  A worker ant zombie (D:9)
  A gnoll (D:1)
  12 adders
  A shadow imp (D:8)
  2 adder skeletons (D:4)
  3 dart slugs
  5 leopard geckos
  3 orcs
  2 giant cockroaches
  17 goblins
  5 hobgoblins
  A jackal (D:7)
  4 quokkas
  8 ball pythons
  5 bats
  8 frilled lizards
  8 kobolds
  A quokka skeleton (D:9)
  2 rats
159 creatures vanquished.

Vanquished Creatures (collateral kills)
  A two-headed ogre (D:10)
  Maurice (D:8)
  A vampire (D:10)
  3 yaks
  A sky beast (D:10)
  2 orc warriors
  2 ogres
  A bullfrog (D:6)
  6 howler monkeys
  3 crimson imps
  A bullfrog zombie (D:7)
  A hound (D:6)
  2 orc wizards
  An iguana (D:5)
  A worker ant (D:7)
  4 adders
  4 orcs
  A jackal (D:7)
  4 kobolds (D:10)
  A quokka (D:5)
  A frilled lizard (D:5)
42 creatures vanquished.

Vanquished Creatures (others)
  3 hexers
  3 ancestors
6 creatures vanquished.

Grand Total: 207 creatures vanquished

Notes
Turn   | Place    | Note
-------+----------+-------------------------------------------
     0 | D:1      | sking99 the Gargoyle Fighter began the quest for the Orb.
     0 | D:1      | Reached XP level 1. HP: 14/14 MP: 1/1
   443 | D:1      | Reached XP level 2. HP: 19/19 MP: 2/2
   502 | D:1      | Reached skill level 3 in Maces & Flails
   732 | D:1      | Reached XP level 3. HP: 14/23 MP: 3/3
  1652 | D:2      | Reached skill level 4 in Maces & Flails
  1843 | D:2      | Found a runed door.
  1958 | D:2      | Reached XP level 4. HP: 28/28 MP: 4/4
  2274 | D:2      | Reached XP level 5. HP: 29/32 MP: 5/5
  2318 | D:2      | Reached skill level 5 in Maces & Flails
  2337 | D:2      | Noticed Robin
  2350 | D:2      | Killed Robin
  2801 | D:2      | Noticed Crazy Yiuf
  2809 | D:2      | Killed Crazy Yiuf
  2872 | D:3      | Noticed Sigmund
  3150 | D:4      | Noticed a centaur
  3153 | D:4      | Reached skill level 6 in Maces & Flails
  3153 | D:4      | Reached XP level 6. HP: 37/37 MP: 6/6
  3407 | D:4      | Noticed a phantom
  3460 | D:4      | Killed a phantom
  3460 | D:4      | Reached skill level 7 in Maces & Flails
  3460 | D:4      | Reached XP level 7. HP: 15/41 MP: 7/7
  3918 | D:5      | Entered Level 5 of the Dungeon
  3986 | D:5      | Noticed Menkaure
  3992 | D:5      | Killed Menkaure
  3992 | D:5      | Reached skill level 8 in Maces & Flails
  4013 | D:5      | Found a staircase to the Ecumenical Temple.
  4020 | Temple   | Entered the Ecumenical Temple
  4121 | Temple   | Became a worshipper of Hepliaklqana the Forgotten
  4322 | D:5      | Reached skill level 9 in Maces & Flails
  4322 | D:5      | Reached XP level 8. HP: 41/41 MP: 8/8
  5373 | D:6      | Noticed Drak's ghost (novice KoAM)
  5401 | D:6      | Killed Drak's ghost
  5401 | D:6      | Reached skill level 10 in Maces & Flails
  5653 | D:6      | Reached * piety under Hepliaklqana
  5711 | D:6      | Reached skill level 11 in Maces & Flails
  5711 | D:6      | Reached XP level 9. HP: 41/45 MP: 9/9
  6298 | D:7      | Got a scorched hand axe
  6299 | D:7      | Identified the cursed +1 hand axe of Zitrihu {freeze, Str+9} (You found it on level 7 of the Dungeon)
  6387 | D:7      | Reached skill level 12 in Maces & Flails
  6786 | D:8      | Found a deep blue altar of Sif Muna.
  6786 | D:8      | Found a blossoming altar of Fedhas.
  6786 | D:8      | Found a radiant altar of Vehumet.
  6925 | D:8      | Found a shadowy altar of Dithmenos.
  6986 | D:8      | Reached ** piety under Hepliaklqana
  6987 | D:8      | Remembered your ancestor Kateb as a hexer
  7009 | D:8      | Noticed Maurice
  7041 | D:8      | Killed Maurice
  7097 | D:8      | Reached skill level 13 in Maces & Flails
  7576 | D:8      | Noticed Psyche
  7592 | D:8      | Killed Psyche
  7592 | D:8      | Reached XP level 10. HP: 42/50 MP: 10/10
  7931 | D:9      | Found a hide-covered altar of Uskayaw.
  7993 | D:9      | Reached skill level 1 in Invocations
  8243 | D:9      | Reached skill level 14 in Maces & Flails
  8711 | D:9      | Found a sacrificial altar of Ru.
  8811 | D:10     | Entered Level 10 of the Dungeon
  8847 | D:10     | Reached skill level 5 in Fighting
  8847 | D:10     | Reached skill level 5 in Armour
  8902 | D:10     | Reached *** piety under Hepliaklqana
  9274 | D:10     | Reached XP level 11. HP: 41/57 MP: 6/14
  9391 | D:10     | Identified a scroll of acquirement
  9392 | D:10     | Found the +7 longbow "Piercer" {penet, EV-2}
  9552 | D:10     | Noticed a two-headed ogre
  9560 | D:10     | Killed a two-headed ogre
  9560 | D:10     | Reached skill level 1 in Bows
  9635 | D:10     | Reached skill level 5 in Invocations
  9696 | D:10     | Noticed Zubo's ghost (journeyman DECj)
  9760 | D:10     | HP: 1/57 [Zubo's ghost/iron shot (26)]
  9764 | D:10     | Killed from afar by Zubo's ghost

Skill      XL: |  1  2  3  4  5  6  7  8  9 10 11 |
---------------+----------------------------------+-----
Maces & Flails | 3 4 6 7 9 11 13 14 | 14.0
Invocations    | 4 5 |  5.0
Fighting       | 5 6 |  6.2
Armour         | 5 6 |  6.2
Shields        | 4 |  4.4
Bows           | 2 |  2.0

Action                   |  1- 3 |  4- 6 |  7- 9 | 10-12 || total
-------------------------+-------+-------+-------+-------++-------
Melee: Flail             |   159 |   231 |   311 |   237 ||   938
       Dire flail        |       |       |       |    48 ||    48
 Fire: Longbow           |       |       |       |     4 ||     4
Invok: Ancestor Life: He |       |       |     1 |       ||     1
       Recall Ancestor   |       |       |       |     1 ||     1
       Transference      |       |       |       |     1 ||     1
  Use: Scroll            |       |     7 |    11 |     9 ||    27
       Potion            |       |       |     1 |    14 ||    15
 Stab: Distracted        |       |       |     2 |     2 ||     4
  Eat: Chunk             |     4 |     2 |     6 |     5 ||    17
       Ration            |       |     1 |     2 |     1 ||     4
Armor: Scale mail        |    99 |   100 |    43 |       ||   242
       Chain mail        |       |       |   127 |    25 ||   152
       Plate armour      |       |       |       |    93 ||    93
       Skin              |       |       |       |     1 ||     1
Dodge: Dodged            |    56 |    64 |    71 |    43 ||   234
Block: Shield            |    96 |   104 |   120 |    62 ||   382
